 Dungeon Crawl Stone Soup version 0.30.1-9-gdf580d7c3d (webtiles) character file.

Game seed: 4887497524408031650

31075 KittyFluff the Basher (level 13, -17/123 HPs)
             Began as a Gargoyle Berserker on Oct 9, 2023.
             Was the Champion of Trog.
             Demolished by a daeva
             ... wielding a +4 eudemon blade of holy wrath
              (22 damage)
             ... on level 1 of the Abyss.
             The game lasted 01:08:45 (12857 turns).

KittyFluff the Basher (Gargoyle Berserker)         Turns: 12857, Time: 01:08:45

Health: -17/123    AC: 28    Str: 27    XL:     13   Next: 55%
Magic:  13/13      EV: 23    Int: 12    God:    Trog [******]
Gold:   1009       SH:  8    Dex:  9    Spells: 12/12 levels left

rFire   + . .        m - +9 hammer of Ninteu {elec, +Blink rF+ Int+5}
rCold   . . .        E - +0 buckler
rNeg    + . .        Z - +3 ring mail
rPois   ∞            J - +1 helmet
rElec   +            s - +0 cloak
rCorr   .            P - +0 pair of gloves
SInv    .            e - +0 pair of boots
Will    .....        H - amulet of reflection Stlth
                     g - +5 ring of evasion
HPRegen 0.40/turn    A - +5 ring of evasion
MPRegen 0.13/turn

%: reflection
@: berserking (expiring), glowing, studying Maces & Flails, very quick
A: sickness immunity, AC +9, negative energy resistance 1, electricity
resistance, torment resistance 1, petrification resistance
a: Renounce Religion, Evoke Blink, Berserk, Trog's Hand, Brothers in Arms


You were on level 1 of the Abyss.
You worshipped Trog.
Trog was exalted by your worship.
You visited 2 branches of the dungeon, and saw 14 of its levels.
You visited the Abyss 1 time.
You also visited: Sewer.

You collected 1009 gold pieces.

Inventory:

Hand Weapons
 a - a +0 morningstar
 m - the +9 hammer of Ninteu (weapon) {elec, +Blink rF+ Int+5}
   (You found it on level 2 of the Dungeon)

   Int:       It affects your intelligence (+5).
   rF:        It protects you from fire.
   +Blink:    It lets you blink.
 t - the +5 hammer "Siklagedgh" {antimagic, +Blink rC++ Str-5 Dex+2}
   (You found it on level 2 of the Dungeon)

   Str:       It affects your strength (-5).
   Dex:       It affects your dexterity (+2).
   rC:        It greatly protects you from cold.
   +Blink:    It lets you blink.
 C - the +8 dire flail "Natsi" {heavy, rElec rN+ Int-3 SInv}
   (Trog gifted it to you on level 3 of the Lair of Beasts)

   Int:       It affects your intelligence (-3).
   rElec:     It insulates you from electricity.
   rN:        It protects you from negative energy.
   SInv:      It lets you see invisible.
 X - a +5 longbow of freezing
Missiles
 y - 39 poisoned darts
 F - 4 curare-tipped darts
 K - 10 boomerangs (quivered)
Armour
 e - a +0 pair of boots (worn)
 r - +0 acid dragon scales
 s - a +0 cloak (worn)
 E - a +0 buckler (worn)
 J - a +1 helmet (worn)
 P - a +0 pair of gloves (worn)
 Z - a +3 ring mail (worn)
Jewellery
 g - a +5 ring of evasion (left hand)
 o - a ring of resist corrosion
 p - a ring of ice
 v - a +4 ring of protection
 x - a ring of protection from cold
 A - a +5 ring of evasion (right hand)
 H - an amulet of reflection (around neck)
 S - a ring of protection from fire
 Y - a ring of fire
Wands
 q - a wand of roots (18)
 O - a wand of digging (7)
 T - a wand of paralysis (13)
 V - a wand of quicksilver (5)
 W - a wand of flame (20)
Scrolls
 b - 5 scrolls of enchant weapon {unknown}
 d - 5 scrolls of fog {unknown}
 f - 4 scrolls of enchant armour {unknown}
 j - 5 scrolls of teleportation
 n - 2 scrolls of amnesia {unknown}
 D - 5 scrolls of magic mapping {unknown}
 G - a scroll of acquirement {unknown}
 I - 4 scrolls of poison {unknown}
 L - a scroll of torment {unknown}
 M - 2 scrolls of blinking {unknown}
 N - a scroll of summoning {unknown}
 R - a scroll of fear
Potions
 c - a potion of degeneration {unknown}
 h - 4 potions of might
 i - 3 potions of curing
 k - 5 potions of mutation
 l - 6 potions of attraction
 u - 2 potions of lignification
 w - a potion of invisibility
 z - 5 potions of haste
 B - a potion of heal wounds
 Q - 2 potions of ambrosia {unknown}
 U - 2 potions of flight


   Skills:
 + Level 10.1 Fighting
 * Level 14.3 Maces & Flails
 * Level 13.5 Armour
 + Level 7.6 Dodging
 + Level 1.6 Shields
 + Level 7.7 Evocations


You had 12 spell levels left.
You didn't know any spells.
Your spell library was empty.

Dungeon Overview and Level Annotations

Branches:
Dungeon (11/15)            Temple (0/1) D:5            Lair (3/5) D:9
 Shoals (0/4) Lair:2        Snake (0/4) Lair:2        Sewer (visited)
    Orc: D:9-12

Altars:
Gozag
Kikubaaqudgha
Makhleb
Okawaru
Qazlal
Sif Muna
Vehumet
Zin

Annotations:
Lair:1 3 runed translucent doors, Vew Pil's ghost, journeyman DrTm
Lair:3 Sonja


Innate Abilities, Weirdness & Mutations

You are immune to sickness and miasma.
Your stone body is resilient. (AC +9)
You are immune to poison.
You resist negative energy. (rN+)
You are resistant to electric shocks. (rElec)
You are resistant to unholy torment.
You are immune to petrification.


Message History

The daeva calls down the wrath of Xom upon you.
Xom smites you!
* * * LOW HITPOINT WARNING * * *
The daeva blocks your attack.
The daeva is heavily wounded.
You barely miss the daeva.
The daeva is heavily wounded.
The daeva calls down the wrath of Xom upon you.
Xom smites you!
* * * LOW HITPOINT WARNING * * *
The daeva blocks your attack.
The daeva is heavily wounded.
You hit the daeva but do no damage.
The daeva is heavily wounded.
The daeva misses you.
The daeva hits you with a +4 eudemon blade of holy wrath.
* * * LOW HITPOINT WARNING * * *
The daeva blocks your attack.
The daeva is heavily wounded.
The daeva blocks your attack.
The daeva is heavily wounded.
The daeva hits you but does no damage. x2
You bludgeon the daeva!!
The daeva is heavily wounded.
The daeva blocks your attack.
The daeva is heavily wounded.
The daeva completely misses you. You block the daeva's attack.
You bludgeon the daeva!!
The daeva is severely wounded.
The daeva blocks your attack.
The daeva is severely wounded.
The daeva hits you with a +4 eudemon blade of holy wrath!
* * * LOW HITPOINT WARNING * * *
The daeva barely misses you.
You sock the daeva!
The daeva is almost dead.
The daeva blocks your attack.
The daeva is almost dead.
The daeva hits you with a +4 eudemon blade of holy wrath!!
You die...

.. #####
. #.A@#
.B #.###
..####..#
#. .# #
..## .#.
# ... ..


You could see a daeva.

Vanquished Creatures
  The ghost of Ironcache the Geomancer, a journeyman GrEE of Vehumet (D:10)
  3 boulder beetles
  A centaur warrior (D:8)
  Erica (D:8)
  2 death yaks (Lair:2)
  The ghost of Ironcache the Covert, a journeyman SpEn of Hepliaklqana (D:10)
  9 elephants
  A black mamba (Lair:3)
  Joseph (D:8)
  2 merfolk sirens (Lair:2)
  A torpor snail (Lair:2)
  6 cane toads
  A cane toad (shapeshifter) (Abyss:1)
  A kobold demonologist (D:11)
  Psyche (D:8)
  10 komodo dragons
  A tengu conjurer (D:8)
  2 merfolk (Lair:2)
  3 hornets
  A slime creature (D:8)
  7 blink frogs
  35 yaks
  2 water elementals (D:11)
  2 basilisks
  A shadow (D:10)
  2 vampires (D:11)
  4 wyverns
  2 steam dragons
  3 nagas (Lair:2)
  2 acid dragons (D:11)
  8 water moccasins
  6 orc warriors
  3 black bears
  8 ice beasts
  2 centaurs
  2 ogres
  2 phantoms
  A boggart (D:9)
  2 kobold brigands
  5 bullfrogs
  A gnoll sergeant (D:9)
  2 scorpions
  12 killer bees
  8 electric eels
  6 howler monkeys
  2 hounds (D:4)
  2 jellies
  4 orc priests
  3 gnoll boudas
  2 sleepcaps (D:5)
  Crazy Yiuf (D:2)
  11 iguanas
  9 orc wizards
  15 adders
  17 gnolls
  4 shadow imps
  2 worms
  3 dart slugs
  24 orcs
  15 ball pythons
  A bat zombie (D:4)
  9 endoplasms
  3 giant cockroaches
  7 hobgoblins
  4 quokkas
  13 bats
  3 frilled lizards (D:1)
  8 goblins
  19 kobolds
  9 rats
  2 rat zombies (D:4)
369 creatures vanquished.

Vanquished Creatures (others)
  2 orcs (D:10)
2 creatures vanquished.

Grand Total: 371 creatures vanquished

Notes
Turn   | Place    | Note
-------+----------+-------------------------------------------
     0 | D:1      | KittyFluff the Gargoyle Berserker began the quest for the
                  | Orb.
     0 | D:1      | Reached XP level 1. HP: 14/14 MP: 1/1
   146 | D:1      | Reached XP level 2. HP: 10/19 MP: 2/2
   550 | D:1      | Reached XP level 3. HP: 23/23 MP: 3/3
   731 | D:2      | Found a runed translucent door.
   731 | D:2      | Identified the +9 hammer of Ninteu {elec, +Blink rF+ Int+5}
   734 | D:2      | Noticed Crazy Yiuf
   810 | D:2      | Reached ** piety under Trog
   944 | D:2      | Reached XP level 4. HP: 28/28 MP: 4/4
  1092 | D:2      | Killed Crazy Yiuf
  1150 | D:2      | Identified the +5 hammer "Siklagedgh" {antimagic, +Blink
                  | rC++ Str-5 Dex+2}
  1217 | D:3      | Identified the +5 dagger of Fortitude {protect, rF- rC+
                  | Str-5 Int+8}
  1322 | D:3      | Found a glowing drain.
  1339 | Sewer    | Entered a sewer
  1528 | Sewer    | Noticed a kobold brigand
  1530 | Sewer    | Killed a kobold brigand
  1531 | Sewer    | Reached skill level 4 in Maces & Flails
  1531 | Sewer    | Reached XP level 5. HP: 33/33 MP: 5/5
  1580 | Sewer    | Reached *** piety under Trog
  1692 | D:3      | Noticed an ogre
  1696 | D:3      | Killed an ogre
  1697 | D:3      | Reached skill level 1 in Evocations
  1697 | D:3      | Reached XP level 6. HP: 8/38 MP: 6/6
  2921 | D:4      | Identified the +0 robe "Buantoz" {rCorr}
  3148 | D:4      | Found an ancient bone altar of Kikubaaqudgha.
  3328 | D:4      | Reached XP level 7. HP: 43/43 MP: 7/7
  3438 | D:4      | Reached skill level 5 in Maces & Flails
  3463 | D:4      | Reached skill level 5 in Armour
  3770 | D:4      | Reached **** piety under Trog
  3841 | D:5      | Entered Level 5 of the Dungeon
  3841 | D:5      | Found a shimmering blue altar of Sif Muna.
  3841 | D:5      | Found a burning altar of Makhleb.
  3841 | D:5      | Found a stormy altar of Qazlal.
  3841 | D:5      | Found an opulent altar of Gozag.
  3874 | D:5      | Found an iron altar of Okawaru.
  4191 | D:5      | Found a staircase to the Ecumenical Temple.
  4238 | D:5      | Reached XP level 8. HP: 48/48 MP: 8/8
  4499 | D:5      | Identified the +8 dagger "Faall" {spect, Fragile +Blink
                  | Dex+5}
  4544 | D:5      | Reached skill level 5 in Fighting
  4559 | D:5      | Reached skill level 6 in Maces & Flails
  5063 | D:6      | Reached XP level 9. HP: 52/54 MP: 9/9
  5419 | D:7      | Reached skill level 7 in Maces & Flails
  5696 | D:7      | Noticed a hornet
  5701 | D:7      | Killed a hornet
  5960 | D:8      | Noticed Psyche
  5970 | D:8      | Killed Psyche
  6026 | D:8      | Noticed Erica
  6039 | D:8      | Killed Erica
  6040 | D:8      | Reached skill level 8 in Maces & Flails
  6040 | D:8      | Reached XP level 10. HP: 49/61 MP: 10/10
  6595 | D:8      | Noticed Joseph
  6612 | D:8      | Killed Joseph
  6735 | D:8      | Noticed a boulder beetle
  6738 | D:8      | Noticed a centaur warrior
  6748 | D:8      | Reached skill level 5 in Dodging
  6750 | D:8      | Reached ***** piety under Trog
  6759 | D:8      | Killed a centaur warrior
  6766 | D:8      | Killed a boulder beetle
  6767 | D:8      | Reached skill level 9 in Maces & Flails
  6767 | D:8      | Reached skill level 5 in Evocations
  7219 | D:9      | Reached skill level 10 in Armour
  7219 | D:9      | Reached XP level 11. HP: 67/67 MP: 11/11
  7237 | D:9      | Noticed a two-headed ogre
  7244 | D:9      | Noticed a two-headed ogre
  7513 | D:9      | Found a radiant altar of Vehumet.
  7526 | D:9      | Found a glowing silver altar of Zin.
  7672 | D:9      | Noticed a boulder beetle
  7692 | D:9      | Killed a boulder beetle
  7725 | D:9      | Noticed a boulder beetle
  7749 | D:9      | Killed a boulder beetle
  7840 | D:9      | Found a staircase to the Lair.
  7930 | D:9      | Identified the +3 dagger of Yesterday {heavy, Str-4 Dex+4}
  8000 | D:9      | Reached skill level 10 in Maces & Flails
  8012 | D:10     | Entered Level 10 of the Dungeon
  8752 | D:10     | Found a runed translucent gate.
  8755 | D:10     | Found a runed translucent gate.
  8755 | D:10     | Found a runed translucent gate.
  8761 | D:10     | Noticed Ironcache's ghost (journeyman GrEE)
  8761 | D:10     | Noticed Ironcache's ghost (journeyman SpEn)
  8887 | D:10     | Killed Ironcache's ghost
  8887 | D:10     | Reached ****** piety under Trog
  8900 | D:10     | Killed Ironcache's ghost
  9062 | D:11     | Reached XP level 12. HP: 61/75 MP: 12/12
  9225 | D:11     | Identified the +4 great sword of the Puffin {antimagic,
                  | Will+ Dex+3} (Trog gifted it to you on level 11 of the
                  | Dungeon)
  9225 | D:11     | Received a gift from Trog
  9325 | D:11     | Reached skill level 11 in Maces & Flails
  9855 | Lair:1   | Entered Level 1 of the Lair of Beasts
 10615 | Lair:1   | Reached skill level 12 in Maces & Flails
 10755 | Lair:1   | Noticed a seven-headed hydra
 10758 | Lair:1   | Found a runed translucent gate.
 10759 | Lair:1   | Found a runed translucent gate.
 10760 | Lair:1   | Found a runed translucent gate.
 10760 | Lair:1   | Noticed Vew Pil's ghost (journeyman DrTm)
 11351 | Lair:2   | Found a staircase to the Shoals.
 11573 | Lair:2   | Reached skill level 13 in Maces & Flails
 11638 | Lair:2   | Reached XP level 13. HP: 80/80 MP: 13/13
 11741 | Lair:2   | Found a staircase to the Snake Pit.
 12047 | Lair:2   | Found an iron altar of Okawaru.
 12283 | Lair:3   | Identified the +8 dire flail "Natsi" {heavy, rElec rN+
                  | Int-3 SInv} (Trog gifted it to you on level 3 of the Lair
                  | of Beasts)
 12283 | Lair:3   | Received a gift from Trog
 12422 | Lair:3   | Reached skill level 14 in Maces & Flails
 12458 | Lair:3   | Reached skill level 10 in Fighting
 12492 | Lair:3   | Reached skill level 1 in Shields
 12632 | Lair:3   | Noticed Sonja
 12664 | Abyss:1  | Cast into level 1 of the Abyss (Sonja)
 12814 | Abyss:1  | Noticed an entropy weaver
 12819 | Abyss:1  | Noticed a daeva
 12855 | Abyss:1  | HP: 5/123 [daeva/+4 eudemon blade of holy wrath (10)]
 12857 | Abyss:1  | Demolished by a daeva

Illustrated notes

Levels and vault maps discovered:
D:1:      nicolae_arrival_washed_ashore, layout_rooms
D:2:      minmay_spotlight, layout_rooms, uniq_crazy_yiuf_cottage
D:3:      layout_loops_ring, portal_sewer_entry_b, minmay_gold_behind_fungi
D:4:      minmay_clustersquares, layout_basic, lemuel_zombie_altar_kikubaaqudgha
D:5:      layout_gridville, okawaru_trees_2,
          chequers_temple_overflow_statue_of_worship, minmay_temple_entry_trees
D:6:      layout_cave_pools, nicolae_eternal_life
D:7:      layout_loops_cross
D:8:      minmay_bloctagon_deflated, layout_layer_cave, uniq_erica, uniq_psyche,
          uniq_joseph
D:9:      layout_roguey, mainiacjoe_overflow_swirl, due_lair_maze_entry_diamond,
          minmay_diamond_spiral
D:10:     layout_loops_ring, gammafunk_ghost_cemetery, serial_bayou,
          serial_bayou_ford_a, serial_bayou_shore_b, serial_bayou_lagoon_a,
          serial_bayou_pond_c
D:11:     minmay_twisted_water, layout_small_grid
Lair:1:   layout_cave_pods, gammafunk_ghost_split, st_stairs_11,
          infiniplex_staircase_pool_2
Lair:2:   beast_lair_carwin_large_3, layout_gridlike, elwin_shoals_entry_stream,
          minmay_snake_entry_guardpost_medium, basic_altar
Lair:3:   layout_roguey, uniq_sonja
Abyss:1:  base:
Lair:2

Skill      XL: |  1  2  3  4  5  6  7  8  9 10 11 12 13 |
---------------+----------------------------------------+-----
Armour         | 3 4 5 6 8 10 11 12 13 | 13.5
Dodging        | 2 3 4 5 6 7 |  7.6
Maces & Flails | 4 5 6 8 9 10 13 14 | 14.3
Fighting       | 4 5 6 7 8 9 10 | 10.1
Evocations     | 1 2 3 4 5 6 7 |  7.7
Shields        | 1 |  1.6

Action                     |  1- 3 |  4- 6 |  7- 9 | 10-12 | 13-15 || total
---------------------------+-------+-------+-------+-------+-------++-------
  Melee: Mace              |    94 |   110 |   212 |   643 |   217 ||  1276
         Punch             |       |     1 |       |       |       ||     1
  Throw: Dart              |       |       |     8 |    11 |    12 ||    31
         Boomerang         |       |       |       |       |     4 ||     4
 Invoke: Berserk           |     1 |     1 |       |       |     2 ||     4
  Evoke: Wand              |       |       |       |     1 |       ||     1
    Use: Scroll            |       |     4 |     2 |     7 |     1 ||    14
         Potion            |       |       |       |     1 |     1 ||     2
   Stab: Sleeping          |       |     1 |       |       |       ||     1
 Armour: Leather armour    |    39 |    13 |    53 |     1 |       ||   106
         Robe              |       |       |       |    86 |       ||    86
         Ring mail         |       |       |       |    82 |    48 ||   130
  Dodge: Dodged            |    78 |    94 |   129 |   436 |    99 ||   836
  Block: Buckler           |       |     7 |    81 |   211 |    52 ||   351
         Reflection        |       |       |     2 |     9 |     2 ||    13
